Map: Kairos Junction LE

Players

Smeeeger - Winner!

  • Race: Zerg Zerg
  • League: Platinum
  • Spawn Location: 5:00

Ingenious

  • Race: Terran Terran
  • League: Platinum
  • Spawn Location: 11:00

VOD

Have the link to the VOD?

Description

Time

  • Played on: July 13, 2019, 8:35 p.m.
  • Length: 8:42
Show
View Real Time Build Order
Export as new Build Order

Smeeeger Zerg - Winner!

Build Orders: Hatch First 

Get SALT Encoding   

  12  0:01  Drone  
  13  0:13  Overlord  
  13  0:17  Drone  
  14  0:31  Drone x2  
  16  0:37  Drone  
  17  0:55  Hatchery  
  17  0:57  Drone  
  17  1:11  Spawning Pool  
  17  1:14  Drone  
  17  1:28  Extractor  
  17  1:30  Drone x3  
  19  1:41  Overlord  
  19  1:58  Queen  
  21  2:04  Zergling x4  
  21  2:06  Queen  
  21  2:07  Zergling x2  
  26  2:16  Drone  
  27  2:25  Drone x2  
  29  2:36  Queen  
  31  2:39  Drone x2  
  31  2:42  Queen  
  31  2:44  Overlord  
  35  3:02  Hatchery  
  34  3:10  Spore Crawler  
  34  3:12  Spore Crawler, Drone x2  
  34  3:14  Drone  
  35  3:27  Queen  
  35  3:28  Drone x2  
  35  3:30  Drone  
  35  3:33  Drone  
  41  3:35  Drone  
  41  3:39  Metabolic Boost  
  42  3:43  Drone  
  42  3:44  Drone  
  44  3:58  Overlord  
  44  3:59  Overlord  
  44  4:03  Extractor  
  44  4:04  Drone x2, Extractor  
  44  4:17  Queen  
  44  4:21  Drone x2  
  44  4:22  Drone x2  
  44  4:23  Drone x2  
  44  4:24  Drone x3  
  53  4:27  Overlord  
  55  4:34  Lair  
  55  4:40  Roach Warren  
  55  4:41  Zergling x2  
  55  4:42  Zergling x2  
  55  4:44  Zergling x2  
  57  4:46  Zergling x2  
  58  4:58  Spine Crawler  
  58  4:59  Drone  
  58  5:04  Zergling x6  
  58  5:05  Baneling Nest, Zergling x4  
  62  5:09  Pneumatized Carapace  
  62  5:13  Overlord  
  60  5:32  Overseer  
  58  5:45  Roach x5  
  65  6:03  Drone  
  65  6:04  Drone x6  
  61  6:05  Drone  
  61  6:06  Overlord x2  
  61  6:08  Roach x5  
  75  6:12  Glial Reconstitution  
  75  6:15  Centrifical Hooks  
  75  6:18  Overlord  
  75  6:28  Roach  
  75  6:29  Roach x2, Zergling x4  
  83  6:37  Zergling x2  
  84  6:50  Roach x8  
  98  7:00  Extractor  
  96  7:02  Drone x3  
  99  7:11  Overlord  
  99  7:12  Overlord x3  
  99  7:15  Drone  
  100  7:17  Ravager  
  100  7:27  Hydralisk Den  
  97  7:30  Drone x3  
  97  7:32  Spore Crawler  
  97  7:35  Overseer  
  90  7:50  Zergling x2  
  87  7:59  Drone x4  
  87  8:00  Spore Crawler, Drone  
  87  8:01  Spore Crawler  
  87  8:04  Spore Crawler  
  85  8:09  Hydralisk x5  
  85  8:12  Spore Crawler, Drone x3  
  93  8:13  Drone x5  
  93  8:15  Spore Crawler  
Show
View Real Time Build Order
Export as new Build Order

Ingenious Terran 

Build Orders: Banshee Rush 

Get SALT Encoding   

  12  0:01  SCV  
  13  0:13  SCV  
  14  0:25  SCV  
  15  0:29  Supply Depot  
  15  0:36  Refinery  
  15  0:50  SCV  
  15  0:52  Barracks  
  15  0:55  Supply Depot  
  16  1:02  SCV  
  17  1:08  Refinery  
  17  1:15  SCV  
  18  1:32  SCV  
  19  1:42  Factory  
  19  1:44  Marine  
  19  1:45  Orbital Command  
  20  2:01  Marine  
  21  2:19  Marine  
  22  2:29  SCV  
  23  2:30  Starport x2, Factory Tech Lab  
  23  2:37  Marine  
  23  2:42  SCV  
  25  2:44  Supply Depot  
  25  2:54  SCV  
  26  3:06  SCV  
  27  3:12  Starport Tech Lab  
  27  3:14  Starport Tech Lab  
  27  3:21  Marine  
  27  3:22  SCV  
  32  3:29  Supply Depot  
  32  3:33  Banshee  
  32  3:34  Banshee  
  35  3:35  Cloaking Field  
  35  3:40  SCV  
  36  3:43  Marine  
  37  3:50  Siege Tank  
  37  3:54  Supply Depot  
  40  3:56  SCV  
  40  4:00  Marine  
  42  4:08  SCV  
  43  4:24  Command Center  
  43  4:27  Marine  
  44  4:37  Engineering Bay  
  44  4:45  Marine  
  45  4:56  Refinery  
  45  4:57  Siege Tank  
  45  4:59  Banshee  
  51  5:10  Missile Turret  
  48  6:02  Orbital Command  
  43  6:11  Marine  
  44  6:23  Banshee x2  
  44  6:24  SCV  
  51  6:28  Engineering Bay  
  51  6:29  Marine  
  52  6:33  Armory  
  52  6:34  Armory  
  52  6:36  Starport, SCV  
  52  6:39  Starport  
  53  6:41  Starport  
  53  6:53  Orbital Command  
  37  7:01  SCV  
  38  7:20  Barracks  
  33  7:40  Siege Tank  
  33  7:41  Starport Tech Lab x2  
  33  7:42  Starport Tech Lab  
  34  7:44  Orbital Command  
  16  8:14  Orbital Command  
Tags
 
Add a new tag
Caveats
  • Supply blocks, unpowered buildings, or Contaminate may cause inaccurate times.
  • Supply counts are checked every 10 seconds.